 Dungeon Crawl Stone Soup version 0.30-a0-989-g0d87f670db (webtiles) character file.

Game seed: 6155593236642491999

456 bmack86 the Chopper (level 6, -2/53 (56) HPs)
             Began as a Minotaur Fighter on Apr 3, 2023.
             Succumbed to a wight's poison
             ... on level 7 of the Dungeon.
             The game lasted 00:08:49 (3217 turns).

bmack86 the Chopper (Minotaur Fighter)              Turns: 3217, Time: 00:08:49

HP:   -2/53 (56)    AC: 10    Str: 23    XL:     6   Next: 77%
MP:   0/5           EV:  9    Int:  5    God:
Gold: 155           SH:  4    Dex:  9    Spells: 5/5 levels left

rFire   . . .      SeeInvis .    a - +0 war axe
rCold   . . .      Faith    .    c - +0 buckler
rNeg    . . .      Spirit   +    i - +3 scale mail
rPois   .          Reflect  .    (helmet restricted)
rElec   .          Rampage  .    (no cloak)
rCorr   .                        (no gloves)
Will    .....                    (no boots) Stlth
                                 o - amulet of guardian spirit
HPRegen 0.28/turn                (no ring)
MPRegen 0.09/turn                (no ring)

@: lethally poisoned (-2 -> -16), drained
A: horns 2, retaliatory headbutt
a: no special abilities


You were on level 7 of the Dungeon.
You visited 1 branch of the dungeon, and saw 5 of its levels.

You collected 155 gold pieces.

Inventory:

Hand Weapons
 a - a +0 war axe (weapon)
 e - a +0 war axe
Missiles
 k - 10 poisoned darts (quivered)
 p - 5 curare-tipped darts
Armour
 b - a +0 scale mail
 c - a +0 buckler (worn)
 i - a +3 scale mail (worn)
Jewellery
 o - an amulet of guardian spirit (around neck)
Wands
 l - a wand of mindburst (28)
Scrolls
 f - 2 scrolls of fog
 h - a scroll of vulnerability {unknown}
 m - 2 scrolls of amnesia
 n - a scroll of magic mapping {unknown}
Potions
 j - a potion of mutation
 q - a potion of curing {unknown}


   Skills:
 + Level 5.1 Fighting
 * Level 5.7 Axes
 + Level 1.6 Throwing
 + Level 5.1 Armour
 + Level 5.1 Shields


You had 5 spell levels left.
You didn't know any spells.
Your spell library contained the following spells:

 Spells                   Type           Power      Damage    Failure   Level
 Apportation              Tloc           0%         N/A       86%         1
 Tukima's Dance           Hex            0%         N/A       99%         3
 Passage of Golubria      Tloc           0%         N/A       100%        4
 Alistair's Intoxication  Tmut/Pois      0%         N/A       100%        5
 Yara's Violent Unravell  Hex/Tmut       0%         3d3       100%        5


Dungeon Overview and Level Annotations

Branches:
Dungeon (4/15)
 Temple: D:4-7

Altars:
Kikubaaqudgha
Sif Muna

Shops:
D:1 :


Innate Abilities, Weirdness & Mutations

You have a pair of horns on your head.
You reflexively headbutt those who attack you in melee.


Message History

The wight hits you with a +2 war axe of venom!
You feel drained.
You are poisoned.
You barely miss the wight.
You feel very sick.
The wight hits you with a +2 war axe of venom!
You are more poisoned.
You closely miss the wight.
You feel very sick.
The wight hits you with a +2 war axe of venom.
You feel drained.
You are more poisoned.
You hit the wight but do no damage. You barely miss the wight.
You feel very sick.
The wight hits you with a +2 war axe of venom.
The wight hits you with a +1 battleaxe of flaming.
The wight burns you. You block the wight's attack.
You hit the wight.
The wight is lightly damaged.
You hit the wight. You barely miss the wight.
* * * LOW HITPOINT WARNING * * *
You feel very sick. The wight hits you but does no damage.
The wight completely misses you.
The wight hits you with a +2 war axe of venom.
* * * LOW HITPOINT WARNING * * *
You are lethally poisoned!
You barely miss the wight. You headbutt the wight.
The wight is heavily damaged.
You hit the wight but do no damage. You closely miss the wight.
* * * LOW HITPOINT WARNING * * *
You feel very sick.
The wight hits you with a +3 short sword.
* * * LOW HITPOINT WARNING * * *
You feel drained. The wight closely misses you. You furiously retaliate!
You headbutt the wight! The wight barely misses you. You furiously retaliate!
You headbutt the wight. You slash the wight!
You destroy the wight!
You barely miss the wight. You hit the wight.
You die...

... #... ....
...#####
#'#...#+#
###.......###
#....zz.....#
#..z)@....#
+.........+
##.......##
#.......#
####'####
#.......#
#.......#
+.........+
#.........#


You could see 3 wights.

Vanquished Creatures
  A water moccasin (D:3)
  An ogre (D:4)
  A wight (D:7)
  A jelly (D:4)
  An orc priest (D:4)
  An iguana (D:4)
  3 adders
  7 gnolls
  A white imp (D:4)
  A worm (D:2)
  2 dart slugs (D:1)
  5 ball pythons
  15 endoplasms
  7 goblins
  8 hobgoblins
  10 kobolds
  3 quokkas
  5 bats
  4 frilled lizards
  4 rats
81 creatures vanquished.

Vanquished Creatures (others)
  59 plants (D:4)
59 creatures vanquished.

Grand Total: 140 creatures vanquished

Notes
Turn   | Place    | Note
-------+----------+-------------------------------------------
     0 | D:1      | bmack86 the Minotaur Fighter began the quest for the Orb.
     0 | D:1      | Reached XP level 1. HP: 19/19 MP: 0/0
    23 | D:1      | Found Jica Vuku's Book Boutique.
   150 | D:1      | Reached XP level 2. HP: 26/27 MP: 1/1
   382 | D:1      | Found a faded altar of an unknown god.
   631 | D:1      | Reached XP level 3. HP: 33/33 MP: 2/2
  1836 | D:3      | Noticed a water moccasin
  1843 | D:3      | Killed a water moccasin
  1844 | D:3      | Reached XP level 4. HP: 41/41 MP: 3/3
  1844 | D:3      | Reached XP level 5. HP: 47/47 MP: 4/4
  2723 | D:4      | Reached skill level 5 in Axes
  2791 | D:4      | Noticed an ogre
  2795 | D:4      | Reached skill level 1 in Throwing
  2795 | D:4      | Reached XP level 6. HP: 22/55 MP: 1/5
  3072 | D:4      | Found a shimmering blue altar of Sif Muna.
  3088 | D:4      | Reached skill level 5 in Fighting
  3088 | D:4      | Reached skill level 5 in Armour
  3088 | D:4      | Reached skill level 5 in Shields
  3198 | D:4      | Found an ancient bone altar of Kikubaaqudgha.
  3201 | D:4      | You fall into a shaft and drop 3 floors!
  3216 | D:7      | HP: 1/54 [wight/+3 short sword (4)]
  3217 | D:7      | Succumbed to a wight's poison

Illustrated notes

Levels and vault maps discovered:
D:1:      tekkud_arrival_beachfront_property, layout_basic, serial_shops,
          nicolae_shop_hallway_plus, hellmonk_ecumenical_altar_arch_garden,
          chequers_serial_rivers_micro_c, nicolae_eternal_life,
          minmay_misc_feat_secret_circle, minmay_quantized
D:2:      layout_basic, serial_corexii_hall, chequers_hall_statues_corner_a,
          corexii_hall_statues_l, minivault_11
D:3:      layout_basic, kennysheep_another_room, hex_intersection,
          minmay_misc_feat_cross
D:4:      kennysheep_kobold_camp, layout_loops_ring,
          mainiacjoe_overflow_brackets, amcnicky_altar_gilded
D:7:      nicolae_cairo_tiling_very_big, layout_cave_pools,
          minmay_temple_entry_gardened_gates, serial_rivers,
          chequers_serial_rivers_small_b, chequers_serial_rivers_small_b,
          chequers_serial_rivers_small_b, chequers_serial_rivers_micro_b,
          chequers_serial_rivers_marsh, chequers_serial_rivers_small_b,
          grunt_ministairs_6, hangedman_abyss_or_decor_passed

Skill      XL: |  1  2  3  4  5  6 |
---------------+-------------------+-----
Axes           | 3 4 5 |  5.7
Fighting       | 4 5 |  5.1
Armour         | 4 5 |  5.1
Shields        | 4 5 |  5.1
Throwing       | 1 |  1.6

Action                     |  1- 3 |  4- 6 || total
---------------------------+-------+-------++-------
  Melee: War axe           |    94 |    86 ||   180
         Headbutt          |    11 |    14 ||    25
    Use: Scroll            |     6 |     3 ||     9
         Potion            |       |     1 ||     1
 Armour: Scale mail        |    62 |    46 ||   108
  Dodge: Dodged            |    55 |    47 ||   102
  Block: Buckler           |    20 |    23 ||    43

Table legend: (Time is in decaauts)
 A = Elapsed time spent in this place.
 B = Non-inter-level travel time spent in this place.
 C = Inter-level travel time spent in this place.
 D = Time resting spent in this place.
 E = Time spent auto-exploring this place.
 F = Levels seen in this place.
 G = Mean time per level.
                   A        B        C        D        E       F      G
               +--------+--------+--------+--------+--------+-----+--------+
         Total |   3277 |   3208 |     69 |    177 |   2202 |   5 |  655.4 |
       Dungeon |   3277 |   3208 |     69 |    177 |   2202 |   5 |  655.4 |
               +--------+--------+--------+--------+--------+-----+--------+

Top non-repeatable levels by time:
     D:1: 991 daAuts
     D:3: 957 daAuts
     D:2: 833 daAuts
     D:4: 477 daAuts
     D:7: 17 daAuts
